 Dungeon Crawl Stone Soup version 0.27-a0-906-g0a00ce863d (webtiles) character file.

Game seed: 11182080273506311080

9 Alarkh the Insei (level 2, 16/22 HPs)
             Began as a Demonspawn Gladiator on Apr 7, 2021.
             Got out of the dungeon alive.
             The game lasted 00:00:13 (157 turns).

Alarkh the Insei (Demonspawn Gladiator)              Turns: 157, Time: 00:00:13

Health: 16/22      AC:  4    Str: 14    XL:     2   Next: 6%
Magic:  2/2        EV: 12    Int:  9    God:
Gold:   0          SH:  0    Dex: 14    Spells: 1/1 levels left

rFire    . . .     SeeInvis .     - Unarmed
rCold    . . .     Faith    .   (no shield)
rNeg     . . .     Spirit   .   a - +0 leather armour
rPois    .         Reflect  .   b - +0 helmet
rElec    .         Harm     .   (no cloak)
rCorr    .         Rampage  .   (no gloves)
Will     .....                  (no boots)
Stlth    +.........             (no amulet)
HPRegen  0.07/turn              (no ring)
MPRegen  0.08/turn              (no ring)

@: no status effects
A: powered by pain 1
a: no special abilities


You escaped.
You visited 1 branch of the dungeon, and saw 1 of its levels.

Inventory:

Missiles
 c - 3 throwing nets (quivered)
Armour
 a - a +0 leather armour (worn)
 b - a +0 helmet (worn)
Scrolls
 d - a scroll of noise {unknown}
 e - 2 scrolls of identify {unknown}
 f - a scroll of fear {unknown}
Potions
 g - a potion of cancellation {unknown}


   Skills:
 + Level 2.3 Fighting
 - Level 1.7 Throwing
 - Level 2.6 Dodging
 * Level 3.1 Unarmed Combat


You had one spell level left.
You didn't know any spells.
Your spell library was empty.

Dungeon Overview and Level Annotations

Branches:
Dungeon (1/15)

Altars:


Innate Abilities, Weirdness & Mutations

You sometimes gain a little power by taking damage.


Message History

The bat barely misses you.
You hit the bat.
You kill the bat!
The jackal bites you but does no damage.
You closely miss the jackal. You miss the jackal. The jackal barely misses you.
The jackal bites you.
You hit the jackal.
The jackal is almost dead.
The jackal closely misses you. The jackal completely misses you.
The jackal bites you.
You hit the jackal.
You kill the jackal!
Your Unarmed Combat skill increases to level 3!
You hit the jackal.
The jackal is heavily wounded.
The jackal bites you but does no damage.
You barely miss the jackal.
The jackal is heavily wounded.
The jackal bites you. x2; The jackal misses you. x2
You hit the jackal.
You kill the jackal!
The jackal bites you but does no damage.
You have reached level 2!
Your demonic ancestry asserts itself...
You feel energised by your suffering.
You hit the jackal.
The jackal is almost dead.
The jackal bites you but does no damage.
You hit the jackal.
You kill the jackal!
No target in view!
No target in view!
No target in view!
No target in view!
No target in view!
No target in view!
There is an open door here.
There is a staircase leading out of the dungeon here.
Are you sure you want to leave the Dungeon?
This will make you lose the game!
You have escaped!

#####.### #.#
#################.#####
.......................
#.......................
#...##...####...#####...
#...##...# #...# #...
#........####...# #...
#......@........#####...
#.......................
#...#######.............
#... #...#####..... #..
#...# #...## #...# #...#
#...#####...##
..............
..........


There were no monsters in sight!

Vanquished Creatures
  An endoplasm (D:1)
  3 jackals (D:1)
  A quokka (D:1)
  3 bats (D:1)
8 creatures vanquished.

Notes
Turn   | Place    | Note
-------+----------+-------------------------------------------
     0 | D:1      | Alarkh the Demonspawn Gladiator began the quest for the
                  | Orb.
     0 | D:1      | Reached XP level 1. HP: 16/16 MP: 1/1
    82 | D:1      | Found a faded altar of an unknown god.
   118 | D:1      | Reached skill level 3 in Unarmed Combat
   121 | D:1      | Gained mutation: You sometimes gain a little power by
                  | taking damage. [demonic ancestry]
   121 | D:1      | Reached XP level 2. HP: 13/22 MP: 2/2
   157 | D:$      | Got out of the dungeon alive.

Illustrated notes

Levels and vault maps discovered:
D:1:      dpeg_arrival_boxorama, layout_loops_corners, basic_ecumenical_altar

Skill      XL: |  1 |
---------------+----+-----
Unarmed Combat | 3 |  3.1
Fighting       | |  2.3
Throwing       | |  1.7
Dodging        | |  2.6

Action                   || total
-------------------------++-------
Melee: Unarmed           ||    28
Armor: Leather armour    ||     9
Dodge: Dodged            ||    21

Table legend: (Time is in decaauts)
 A = Elapsed time spent in this place.
 B = Non-inter-level travel time spent in this place.
 C = Inter-level travel time spent in this place.
 D = Time resting spent in this place.
 E = Time spent auto-exploring this place.
 F = Levels seen in this place.
 G = Mean time per level.
                   A        B        C        D        E       F      G
               +--------+--------+--------+--------+--------+-----+--------+
         Total |    155 |    122 |     33 |      0 |     77 |   1 |  155.0 |
       Dungeon |    155 |    122 |     33 |      0 |     77 |   1 |  155.0 |
               +--------+--------+--------+--------+--------+-----+--------+

Top non-repeatable levels by time:
     D:1: 155 daAuts
